Unix NetHack Version 5.0.0-0 post-release - last build May 31 2026 23:59:36 (970b52f25bf058293b47ddfd14a1e40e571c508c,branch:main).

Game began 2026-06-01 02:54:17, ended 2026-06-04 02:20:05.

Eldrich, lawful male human Archeologist

  ------------         -----
  |.>.......*|         .....####################`
  |..........|         |...|                         ---------
  |..........|         |...|                         |d......|
  |...........####    #....|                        #........|
  -------|----     ####|....#                     ###|..>....|
         ###       #   -----#Z@##########         #  |.......|
           #       #  #######f --------|--.-`########........|
           #       #         ##|...........|#   #    |.......|
           ####    #          #|...........|# ###    ---------
              #    #          #-...-----...|# #
         -----|--- #           |.......|....###
         |<......|##           |...|...|...|
         |........#            |..)|...|...|
         |.......|             |...-----...|
         |.......-##           |...........|
         ---------             |...........|
                               ----|--------
                                   #

Eldrich the Field Worker   St:9 Dx:10 Co:13 In:17 Wi:14 Ch:12  Lawful
Dlvl:3  $:52 HP:0(18) Pw:14(14) AC:9  Xp:3 T:1461 

Latest messages:
 You see here a gold piece.
 $ - a gold piece (52 in total).
 The door opens.
 You swap places with your kitten.
 The door resists!
 The door opens.
 You try to move the boulder, but in vain.
 You try to move the boulder, but in vain.
 You find a hidden passage.
 You swap places with your kitten.
 You swap places with your kitten.
 What do you want to read? [j or ?*] j
 As you read the scroll, it disappears.
 m - an uncursed potion of fruit juice.
 You swap places with your kitten.
 You descend the stairs.
 You climb up the stairs.
 Double run prefix, canceled.
 Really save? [yn] (n) y
 Saving...
 Restoring save file...
 Hello Eldrich, the human Archeologist, welcome back to NetHack!
 You swap places with your kitten.
 You hear the chime of a cash register.
 The kitten bites the dwarf zombie.
 The dwarf zombie hits the kitten.
 The kitten bites the dwarf zombie.
 The dwarf zombie misses the kitten.
 The kitten misses the dwarf zombie.
 You lash the dwarf zombie.
 The dwarf zombie hits!
 The kitten bites the dwarf zombie.
 The dwarf zombie hits the kitten.
 You miss the dwarf zombie.
 The dwarf zombie hits!
 You destroy the dwarf zombie!
 You lash the dwarf zombie.
 You lash the dwarf zombie.
 The dwarf zombie hits!
 You miss the dwarf zombie.
 The dwarf zombie hits!
 You lash the dwarf zombie.
 The dwarf zombie hits!
 You die...
 Do you want your possessions identified? [ynq] (y) y
 Do you want to see your attributes? [ynq] (y) n
 Do you want an account of creatures vanquished? [ynaq] (y) n
 Do you want to see your conduct and achievements? [ynq] (y) n
 Do you want to see the dungeon overview? [ynq] (y) n

Inventory:
 Coins    ('$')
  $ - 52 gold pieces
 Weapons  (')')
  a - a +2 bullwhip (weapon in right hand)
 Armor    ('[')
  c - an uncursed +0 fedora (being worn)
  b - an uncursed +0 leather jacket (being worn)
 Comestibles  ('%')
  d - 3 uncursed food rations
 Scrolls  ('?')
  j - 2 uncursed scrolls of identify
 Potions  ('!')
  m - an uncursed potion of fruit juice
  k - an uncursed potion of healing
 Tools    ('(')
  n - an empty cursed bag of holding
  h - an empty uncursed sack
  o - a cursed lock pick
  i - a magic marker (0:21)
  e - a +0 pick-axe (alternate weapon; not wielded)
  f - a tinning kit (0:71)
 Gems/Stones  ('*')
  g - an uncursed touchstone

Eldrich the Archeologist's attributes:

Background:
 You were a Field Worker, a level 3 male human Archeologist.
 You were lawful, nominally on a mission for Quetzalcoatl
 who was opposed by Camaxtli (neutral) and Huhetotl (chaotic).
 You were right-handed.
 You were in the Dungeons of Doom, on level 3.
 You entered the dungeon 1461 turns ago.
 It was nighttime.
 You had 47 experience points, 33 more were needed to attain level 4.

Basics:
 You had 0 out of 18 hit points.
 You had all 14 energy points (spell power).
 Your armor class was 9.
 Your wallet contained 52 zorkmids.
 Autopickup was off.

Final Characteristics:
 Your strength was 9 (limit:18/100).
 Your dexterity was 10 (limit:18).
 Your constitution was 13 (limit:18).
 Your intelligence was 17 (limit:18).
 Your wisdom was 14 (limit:18).
 Your charisma was 12 (limit:18).

Final Status:
 You weren't hungry.
 You were unencumbered.
 You were wielding a whip.
 You had basic skill with whip.

Final Attributes:
 You were devoutly aligned.
 You had automatic searching.
 You were lucky.
 You are dead.

Miscellaneous:
 You didn't encounter any bones levels.
 Total elapsed playing time was 16 minutes and 40 seconds.

Major events:
 Turn
    1: Eldrich the lawful male human Archeologist entered the dungeon
 1250: attained the rank of Field Worker (level 3)
 1391: entered the Gnomish Mines
 1461: killed by a dwarf zombie

You didn't know any spells.

Skills:
 Fighting Skills
   bare handed combat [Unskilled]
   two weapon combat  [Unskilled]
   riding             [Unskilled]
 Weapon Skills
   dagger             [Unskilled]
   knife              [Unskilled]
   pick-axe           [Basic]
   short sword        [Unskilled]
   saber              [Unskilled]
   club               [Unskilled]
   quarterstaff       [Unskilled]
   sling              [Unskilled]
   dart               [Unskilled]
   boomerang          [Unskilled]
   whip               [Basic]
   unicorn horn       [Unskilled]
 Spellcasting Skills
   attack spells      [Unskilled]
   healing spells     [Unskilled]
   divination spells  [Unskilled]
   matter spells      [Unskilled]

Voluntary challenges:
 Character rerolling was not enabled.
 You followed a strict vegan diet.
 You were an atheist.
 You never genocided any monsters.
 You never polymorphed an object.
 You never changed form.
 You used no wishes.
Achievements:
 You attained the rank of Field Worker.
 You entered the Gnomish Mines.

 The Dungeons of Doom: levels 1 to 3
    Level 1:
       A fountain.
    Level 2:
       Some fountains.
    Level 3: <- You were here.
       Stairs down to The Gnomish Mines.
       Final resting place for
          you, killed by a dwarf zombie.
 The Gnomish Mines:
    Level 4:


Vanquished creatures:
  a dwarf zombie
  a giant rat
  a green mold
  a gecko
  6 jackals
  a goblin
  a sewer rat
  4 grid bugs
  5 lichens
  a kobold zombie
  4 newts
26 creatures vanquished.

No species were genocided or became extinct.

Game over:
                       ----------
                      /          \
                     /    REST    \
                    /      IN      \
                   /     PEACE      \
                  /                  \
                  |     Eldrich      |
                  |      52 Au       |
                  |   killed by a    |
                  |   dwarf zombie   |
                  |                  |
                  |                  |
                  |       2026       |
                 *|     *  *  *      | *
        _________)/\\_//(\/(/\)/\//\/|_)_______

Goodbye Eldrich the Archeologist...

You died in The Dungeons of Doom on dungeon level 3 with 385 points,
and 52 pieces of gold, after 1461 moves.
You were level 3 with a maximum of 18 hit points when you died.

